 Dungeon Crawl Stone Soup version 0.29-a0-775-g4d7333d4e2 (webtiles) character file.

Game seed: 5596877032032966440

107 ZappyNine the Covered (level 4, -2/38 HPs)
             Began as a Barachi Fighter on July 1, 2022.
             Killed from afar by Natasha (8 damage)
             ... with a magic dart
             ... on level 3 of the Dungeon.
             The game lasted 00:02:02 (1783 turns).

ZappyNine the Covered (Barachi Fighter)             Turns: 1783, Time: 00:02:03

Health: -2/38      AC: 14    Str: 20    XL:     4   Next: 86%
Magic:  4/4        EV:  5    Int:  8    God:
Gold:   93         SH:  4    Dex: 11    Spells: 3/3 levels left

rFire   . . .      SeeInvis .   a - +0 flail
rCold   . . .      Faith    .   c - +0 buckler
rNeg    . . .      Spirit   .   k - +0 plate armour
rPois   .          Reflect  .   m - +0 helmet
rElec   .          Harm     .   (no cloak)
rCorr   .          Rampage  .   i - +0 pair of gloves
Will    .....                   (no boots)
Stlth   ..........              (no amulet)
HPRegen 0.12/turn               (no ring)
MPRegen 0.09/turn               (no ring)

@: slow
A: amphibious, slowness 1, strong legs 1, +LOS
a: Hop


You were on level 3 of the Dungeon.
You visited 1 branch of the dungeon, and saw 3 of its levels.

You collected 93 gold pieces.

Inventory:

Hand Weapons
 a - a +0 flail (weapon)
Missiles
 q - a throwing net
Armour
 b - a +0 scale mail
 c - a +0 buckler (worn)
 i - a +0 pair of gloves (worn)
 k - a +0 plate armour (worn)
 m - a +0 helmet (worn)
Scrolls
 e - 2 scrolls of teleportation {unknown}
 g - a scroll of acquirement {unknown}
 h - 4 scrolls of identify {unknown}
 j - 2 scrolls of vulnerability {unknown}
 s - a scroll of poison {unknown}
Potions
 d - 2 potions of might
 f - a potion of flight {unknown}
 l - a potion of invisibility {unknown}
 n - 3 potions of curing {unknown}
 o - a potion of lignification {unknown}
 p - a potion of resistance {unknown}
 r - a potion of ambrosia {unknown}
 t - a potion of degeneration {unknown}


   Skills:
 + Level 4.7 Fighting
 + Level 3.5 Maces & Flails
 + Level 4.8 Armour
 - Level 3.2 Shields


You had 3 spell levels left.
You didn't know any spells.
Your spell library contained the following spells:

 Spells                   Type           Power      Damage    Failure   Level
 Blink                    Tloc           0%         N/A       100%        2
 Scorch                   Fire           0%         2d5       100%        2
 Gell's Gravitas          Tloc           0%         N/A       100%        3
 Teleport Other           Tloc           0%         N/A       100%        3
 Flame Wave               Conj/Fire      0%         2d4       100%        4
 Manifold Assault         Tloc           0%         N/A       100%        5
 Dispersal                Tloc           0%         N/A       100%        6
 Summon Cactus Giant      Summ           0%         N/A       100%        6
 Storm Form               Tmut/Air       0%         N/A       100%        7


Dungeon Overview and Level Annotations

Branches:
Dungeon (3/15)

Altars:
Uskayaw

Shops:
D:2 *

Annotations:
D:3 Natasha


Innate Abilities, Weirdness & Mutations

You are amphibious.
You cover ground slowly.
You can hop short distances.
You have an extended range of vision and can be seen from far away.


Message History

You are too injured to fight recklessly!
You are too injured to fight recklessly!
You are too injured to fight recklessly!
You are too injured to fight recklessly!
You are too injured to fight recklessly!
You are too injured to fight recklessly!
You are too injured to fight recklessly!
You are too injured to fight recklessly!
You are too injured to fight recklessly!
You are too injured to fight recklessly!
Unknown command.
You closely miss Natasha.
Natasha is heavily wounded.
The white imp hits you but does no damage.
Natasha claws you but does no damage. The white imp barely misses you.
You hit Natasha.
Natasha is heavily wounded.
The white imp hits you. The white imp freezes you.
* * * LOW HITPOINT WARNING * * *
Natasha completely misses you. You block the white imp's attack.
The white imp gestures at you. The puff of frost hits you.
* * * LOW HITPOINT WARNING * * *
Natasha claws you but does no damage.
You hit Natasha.
You kill Natasha!
Natasha growls in agony!
The white imp disappears in a puff of smoke! x2
You see here the felid corpse of Natasha.
Unknown command.
Found 7 gold pieces.
Unknown command.
You start resting.
Natasha, Servant of Life and Death comes into view.
Natasha is nearby!
Natasha casts a spell at you.
The magic dart hits you but does no damage.
Natasha stares at you and mumbles some strange words.
The magic dart hits you!
You die...

#.##<..#
#)##.....#
#.###..#.#
######h.# ..# #
#.......#####
#...........# #
#..†....###.#
####.###....##.#
#.....@.....# ..#
#$##.##......._...
# #..#.##...#..
#.##.# #.##...
#.##.# ... (.
#.##.. ... ..####
.. .## #.


You could see Natasha.

Vanquished Creatures
  Natasha (D:3)
  3 gnolls
  A worm (D:2)
  3 dart slugs
  An orc (D:3)
  4 bats
  2 endoplasms
  A giant cockroach (D:1)
  2 goblins (D:1)
  2 hobgoblins (D:1)
  4 jackals (D:2)
  4 quokkas
  6 ball pythons
  4 frilled lizards
  7 kobolds
  3 rats
48 creatures vanquished.

Notes
Turn   | Place    | Note
-------+----------+-------------------------------------------
     0 | D:1      | ZappyNine the Barachi Fighter began the quest for the Orb.
     0 | D:1      | Reached XP level 1. HP: 18/18 MP: 1/1
   136 | D:1      | Reached XP level 2. HP: 25/25 MP: 2/2
   467 | D:1      | Reached XP level 3. HP: 30/30 MP: 3/3
   715 | D:1      | Found a faded altar of an unknown god.
  1307 | D:2      | Reached XP level 4. HP: 38/38 MP: 4/4
  1320 | D:2      | Found Lovon's Assorted Antiques.
  1757 | D:3      | Found a hide-covered altar of Uskayaw.
  1758 | D:3      | Noticed Natasha
  1769 | D:3      | Killed Natasha
  1780 | D:3      | Noticed Natasha
  1783 | D:3      | Killed from afar by Natasha

Illustrated notes

Levels and vault maps discovered:
D:1:      grunt_arrival_crossed_arrows, layout_loops_ring,
          ebering_ecumenical_altar_abandoned
D:2:      layout_rooms, serial_shops, nicolae_shop_window_shopping,
          minmay_misc_feat_cross
D:3:      layout_loops_cross, nicolae_overflow_crystal_walls,
          gammafunk_ghost_split, uniq_natasha

Skill      XL: |  1  2  3 |
---------------+----------+-----
Fighting       | 4 |  4.7
Armour         | 4 |  4.8
Maces & Flails | 3 |  3.5
Shields        | |  3.2

Action                   |  1- 3 |  4- 6 || total
-------------------------+-------+-------++-------
Melee: Flail             |    90 |    44 ||   134
Armor: Scale mail        |    12 |       ||    12
       Plate armour      |    74 |    38 ||   112
Dodge: Dodged            |    31 |    15 ||    46
Block: Buckler           |    19 |    11 ||    30

Table legend: (Time is in decaauts)
 A = Elapsed time spent in this place.
 B = Non-inter-level travel time spent in this place.
 C = Inter-level travel time spent in this place.
 D = Time resting spent in this place.
 E = Time spent auto-exploring this place.
 F = Levels seen in this place.
 G = Mean time per level.
                   A        B        C        D        E       F      G
               +--------+--------+--------+--------+--------+-----+--------+
         Total |   2008 |   1910 |     98 |    423 |   1053 |   3 |  669.3 |
       Dungeon |   2008 |   1910 |     98 |    423 |   1053 |   3 |  669.3 |
               +--------+--------+--------+--------+--------+-----+--------+

Top non-repeatable levels by time:
     D:1: 1132 daAuts
     D:2: 840 daAuts
     D:3: 36 daAuts
